Map: Terraform LE (Void)

Players

Taiang - Winner!

  • Race: Zerg Zerg
  • League: Bronze

SticklerMac

  • Race: Terran Terran
  • League: Bronze

VOD

Have the link to the VOD?

Description

Time

  • Played on: July 28, 2015, 8:23 a.m.
  • Length: 12:36
Show
View Real Time Build Order
Export as new Build Order

Taiang Zerg - Winner!

Build Orders: Hatch First, Lurkers 

Get SALT Encoding   

  12  0:01  Drone  
  13  0:09  Drone  
  14  0:17  Overlord  
  14  0:28  Drone, Extractor  
  14  0:29  Extractor  
  14  0:30  Drone  
  16  0:52  Hatchery  
  16  0:54  Drone  
  16  1:13  Drone x3  
  19  1:19  Spawning Pool  
  19  1:22  Extractor  
  17  1:28  Drone  
  18  1:36  Drone  
  19  1:46  Drone  
  20  2:20  Queen, Zergling x6  
  20  2:22  Queen  
  27  2:23  Overlord  
  27  2:24  Zergling x2  
  27  2:26  Metabolic Boost  
  28  2:38  Extractor  
  28  2:39  Drone  
  27  3:03  Zergling x4  
  29  3:05  Pneumatized Carapace  
  29  3:09  Drone x2  
  31  3:13  Drone x2  
  33  3:36  Overlord x2  
  33  4:05  Drone x3  
  33  4:06  Drone x2, Overlord x2  
  33  4:07  Drone x2  
  33  4:08  Drone x2  
  42  4:27  Lair  
  42  4:28  Hatchery  
  41  4:32  Roach Warren  
  41  4:37  Evolution Chamber  
  41  4:38  Drone x3  
  42  4:39  Evolution Chamber  
  42  4:40  Drone  
  42  4:51  Overlord  
  42  5:00  Queen  
  42  5:04  Drone x2  
  42  5:05  Drone  
  47  5:11  Zerg Missile Weapons Level 1  
  47  5:15  Zerg Melee Weapons Level 1  
  47  5:24  Overlord x2  
  47  5:28  Glial Reconstitution  
  47  5:36  Queen  
  47  5:40  Drone x7  
  47  5:41  Drone  
  57  5:50  Hydralisk Den  
  57  5:53  Burrow  
  56  5:57  Roach x2  
  56  5:58  Roach  
  56  6:00  Zergling x2  
  56  6:01  Zergling x2  
  64  6:04  Drone x2  
  64  6:06  Drone  
  63  6:21  Roach x4  
  63  6:24  Hydralisk x3  
  75  6:26  Hydralisk  
  77  6:34  Drone x5  
  77  6:37  Extractor  
  77  6:38  Extractor  
  80  6:51  Lurker Den  
  80  6:59  Roach x5  
  70  7:12  Zergling x2  
  70  7:13  Roach x3  
  73  7:19  Roach  
  73  7:30  Drone x3  
  73  7:33  Drone x4  
  71  7:45  Queen x3  
  71  7:46  Overseer  
  74  8:00  Spine Crawler  
  74  8:01  Spine Crawler  
  74  8:02  Spore Crawler  
  58  8:13  Drone x11  
  69  8:21  Queen x3  
  69  8:25  Overlord  
  69  8:26  Overlord  
  75  8:30  Hydralisk x3  
  81  8:34  Tunneling Claws  
  81  8:36  Hydralisk x4  
  81  8:38  Overlord  
  81  8:39  Roach x3  
  81  8:40  Roach x2  
  89  8:45  Roach  
  91  8:53  Roach x2  
  95  8:56  Queen  
  93  9:04  Roach  
  93  9:05  Roach x5  
  93  9:06  Roach x4  
  113  9:10  Lurker  
  113  9:13  Overlord x3  
  113  9:14  Roach x5  
  102  9:51  Overseer  
  96  9:53  Overseer  
  96  9:54  Overlord x2  
  96  9:57  Lurker x2  
  96  9:58  Lurker x2  
  100  10:00  Zerg Missile Weapons Level 2  
  100  10:16  Drone x10  
  100  10:17  Drone x8  
  100  10:20  Extractor  
  117  10:21  Extractor  
  116  10:33  Hatchery  
  115  10:53  Roach x3  
  115  10:54  Overlord x2, Roach x5  
  131  11:00  Hydralisk x2  
  131  11:01  Hydralisk  
  120  11:27  Drone x7  
  120  11:28  Drone x2  
  129  11:38  Spine Crawler, Infestation Pit  
  129  11:39  Spine Crawler  
  126  11:46  Drone  
  126  11:47  Drone x2, Queen  
  129  11:49  Drone  
Show
View Real Time Build Order
Export as new Build Order

SticklerMac Terran 

Build Orders:  

Get SALT Encoding   

  12  0:00  SCV  
  13  0:13  SCV  
  14  0:20  Supply Depot  
  14  0:25  SCV  
  15  0:42  SCV  
  16  0:46  Barracks  
  16  0:54  SCV  
  16  0:56  Supply Depot  
  17  0:59  Refinery  
  17  1:08  SCV  
  18  1:22  SCV  
  19  1:34  Marine  
  20  1:41  Command Center  
  20  1:44  SCV  
  21  1:52  Marine  
  22  1:57  SCV  
  23  2:06  Factory  
  23  2:09  SCV  
  23  2:15  Marine  
  25  2:27  Refinery  
  25  2:28  SCV  
  26  2:33  Marine  
  26  2:46  SCV  
  27  3:08  Orbital Command  
  24  3:40  Hellion  
  26  3:43  Factory  
  26  3:46  SCV  
  26  3:47  Factory  
  27  3:54  Marine  
  28  3:58  SCV  
  28  4:01  Factory Reactor  
  29  4:27  Factory Reactor  
  29  4:30  Factory Reactor  
  29  4:42  Widow Mine  
  31  4:50  Supply Depot  
  31  4:51  Supply Depot x2  
  31  4:58  Command Center  
  31  5:11  Widow Mine x4  
  31  5:12  Widow Mine x2  
  43  5:41  Hellion x6  
  55  6:10  Hellion x3  
  59  6:32  Hellion x5  
  69  7:00  Hellion  
  67  7:21  Hellion  
  67  7:22  Hellion x5  
  64  7:42  Widow Mine x2  
  64  7:43  Widow Mine x2  
  56  8:20  Widow Mine x6  
  66  8:48  Widow Mine x2  
  70  8:59  Widow Mine  
  70  9:16  Supply Depot  
  70  9:25  Widow Mine  
  70  9:29  Widow Mine  
  70  9:30  Widow Mine  
  70  9:31  Widow Mine x2  
  70  9:32  Widow Mine  
  48  9:54  Widow Mine  
  48  9:58  Widow Mine x2  
  54  10:00  Widow Mine x3  
  60  10:23  Widow Mine  
  60  10:26  Widow Mine  
  60  10:27  Widow Mine  
  62  10:46  Widow Mine x3  
  68  10:51  Widow Mine  
  68  10:55  Widow Mine  
  72  11:19  Widow Mine x2  
  72  11:20  Widow Mine  
  78  11:53  Supply Depot  
  78  12:00  Widow Mine x4  
Tags
 
Add a new tag
Caveats
  • Supply blocks, unpowered buildings, or Contaminate may cause inaccurate times.
  • Supply counts are checked every 10 seconds.